 Dungeon Crawl Stone Soup version 0.20.1-1-g8b1a95d (webtiles) character file.

33 Knicklaso the Cutter (level 3, -2/24 HPs)
             Began as a Halfling Skald on Sept 3, 2017.
             Slain by a scorpion (9 damage)
             ... on level 1 of the Dungeon.
             The game lasted 00:03:07 (1645 turns).

Knicklaso the Cutter (Halfling Skald)               Turns: 1645, Time: 00:03:07

Health: -2/24      AC:  3    Str: 12    XL:     3   Next: 47%
Magic:  1/5        EV: 14    Int: 12    God:
Gold:   6          SH:  0    Dex: 13    Spells: 4/5 levels left

rFire    . . .     SeeInvis .   a - +0 short sword
rCold    . . .     Gourm    .   (shield restricted)
rNeg     . . .     Faith    .   b - +0 leather armour
rPois    .         Spirit   .   (no helmet)
rElec    .         Reflect  .   (no cloak)
rCorr    .         Harm     .   (no gloves)
MR       .....                  (no boots)
Stlth    +.........             (no amulet)
Regen    0.1/turn               (no ring)
MPRegen  0.1/turn               (no ring)

@: lethally poisoned (-2 -> -9), infused
A: mutation resistance 1
a: no special abilities


You were on level 1 of the Dungeon.
You were not hungry.

You visited 1 branch of the dungeon, and saw 1 of its levels.

You collected 6 gold pieces.

Inventory:

Hand Weapons
 a - a +0 short sword (weapon)
Missiles
 g - 49 stones (quivered)
Armour
 b - a +0 leather armour (worn)
Scrolls
 e - 2 scrolls of enchant armour {unknown}
 i - a scroll of random uselessness {unknown}
Potions
 f - 2 potions of curing {unknown}
 h - a potion of might {unknown}
Books
 c - a book of Battle

   Spells                             Type                      Level
   a - Infusion                       Charms                       1
   b - Shroud of Golubria             Charms/Translocation         2
   c - Song of Slaying                Charms                       2
   d - Spectral Weapon                Hexes/Charms                 3
   e - Regeneration                   Charms/Necromancy            3
Comestibles
 d - a bread ration
 j - a fruit
 k - 3 chunks of flesh


   Skills:
 - Level 1.7 Fighting
 + Level 4.3 Short Blades
 - Level 1.1 Armour
 - Level 2.1 Dodging
 - Level 1.5 Spellcasting
 - Level 3.2 Charms


You had 4 spell levels left.
You knew the following spells:

 Your Spells              Type           Power        Failure   Level  Hunger
a - Infusion              Chrm           #...         10%         1    ##.....


Dungeon Overview and Level Annotations

Branches:
Dungeon (1/15)

Altars:


Innate Abilities, Weirdness & Mutations

You are small and have problems with some larger weapons.
You are somewhat resistant to further mutation.


Message History

Casting: Infusion
Confirm with . or Enter, or press ? or * to list all spells.
You begin infusing your attacks with magical energy.
The scorpion stings you!
You are poisoned.
The scorpion poisons you!
You hit the scorpion!
The scorpion is heavily wounded.
You feel sick. The scorpion misses you.
You closely miss the scorpion.
The scorpion is heavily wounded.
You feel sick. The scorpion stings you.
You completely miss the scorpion.
The scorpion is heavily wounded.
The goblin hits you but does no damage.
You closely miss the scorpion.
The scorpion is heavily wounded.
* * * LOW HITPOINT WARNING * * *
You feel sick. The scorpion stings you!
You die...

#.#.#####.#.###.....####.....##.
#.........#...'.....').'........
###.###########.....####.....##.
#.#.......##.....## ########.
#.#.#####.##.....# #. #.#.#
#.##.....############. #.#.#
#..'................). #.#.#
#.##.....############.
#.#.########.@g...........รท##.
#.#..........s############.##.
#.##########..############.##.
#........................#.#..
#.##########.............#.#..
#.# #.............#.#.. ###
#.............#.#..
#.............#.#..
#.............#.#..


You could see a scorpion and a goblin.

Vanquished Creatures
  2 dart slugs (D:1)
  A leopard gecko (D:1)
  6 bats (D:1)
  2 giant cockroaches (D:1)
  2 goblins (D:1)
  5 hobgoblins (D:1)
  A frilled lizard (D:1)
  6 kobolds (D:1)
25 creatures vanquished.

Notes
Turn   | Place    | Note
-------+----------+-------------------------------------------
     0 | D:1      | Knicklaso the Halfling Skald began the quest for the Orb.
     0 | D:1      | Reached XP level 1. HP: 14/14 MP: 3/3
   346 | D:1      | Reached skill level 3 in Short Blades
   346 | D:1      | Reached XP level 2. HP: 18/19 MP: 4/4
   865 | D:1      | Reached XP level 3. HP: 24/24 MP: 5/5
   922 | D:1      | Reached skill level 4 in Short Blades
  1629 | D:1      | Noticed a scorpion
  1645 | D:1      | Slain by a scorpion

Skill      XL: |  1  2  3 |
---------------+----------+-----
Short Blades   | 3 4 |  4.3
Fighting       | |  1.7
Armour         | |  1.1
Dodging        | |  2.1
Spellcasting   | |  1.5
Charms         | |  3.2

Action                   || total
-------------------------++-------
Melee: Short sword       ||    85
Throw: Stone             ||    32
 Cast: Infusion          ||    13
  Eat: Chunk             ||     3
Armor: Leather armour    ||    18
Dodge: Dodged            ||    62
